 Dungeon Crawl Stone Soup version 0.22.0-81-g402daae900 (webtiles) character file.

4020 JedernureinKreuz the Destroyer (level 10, -5/74 HPs)
             Began as a Gnoll Conjurer on Sept 17, 2018.
             Was a Believer of Sif Muna.
             Slain by a hornet (14 damage)
             ... on level 8 of the Dungeon.
             The game lasted 00:52:45 (8246 turns).

JedernureinKreuz the Destroyer (Gnoll Conjurer)     Turns: 8246, Time: 00:52:46

Health: -5/74      AC:  7    Str: 11    XL:     10   Next: 23%
Magic:  3/20       EV: 15    Int: 29    God:    Sif Muna [**....]
Gold:   460        SH: 15    Dex: 16    Spells: 15/23 levels left

rFire    + + +     SeeInvis .   a - +5 mace "Huczen" {crush, rF+}
rCold    + . .     Gourm    .   o - +2 shield
rNeg     + . .     Faith    .   Q - +3 robe "Kapn" {*Slow +Blink rF++ Int+3}
rPois    .         Spirit   .   x - +2 hat
rElec    .         Reflect  +   H - scarf {rC+ rF+}
rCorr    .         Harm     .   (no gloves)
MR       .....                  (no boots)
Stlth    +++.......             I - +4 amulet of reflection
HPRegen  0.22/turn              A - +6 ring of intelligence
MPRegen  0.17/turn              v - ring of positive energy

@: lethally poisoned (-5 -> -15), very slightly contaminated, slowed, very slow
A: distributed training, fangs 1, strong nose
a: Divine Energy, Renounce Religion, Evoke Blink


You were on level 8 of the Dungeon.
You worshipped Sif Muna.
Sif Muna was pleased with you.
You were hungry.

You visited 2 branches of the dungeon, and saw 9 of its levels.

You collected 460 gold pieces.

Inventory:

Hand Weapons
 a - the +5 mace "Huczen" (weapon) {crush, rF+}
   (You found it on level 7 of the Dungeon)

   It inflicts extra damage upon your enemies.
   It protects you from fire.
 b - a +0 shortbow
 k - a +0 dagger
 p - a +0 short sword
 D - a +0 whip of draining
 K - a +1 hand axe of freezing
 L - a +5 flail
Missiles
 g - 7 needles of confusion
 r - 122 sling bullets
 y - 24 bolts
 G - 18 tomahawks (quivered)
 N - 2 poisoned tomahawks
 R - 112 arrows
Armour
 o - a +2 shield (worn)
 x - a +2 hat (worn)
 H - a scarf of resistance (worn)
 P - a +0 large shield
 Q - the +3 robe "Kapn" (worn) {*Slow +Blink rF++ Int+3}
   (You found it on level 6 of the Dungeon)

   It affects your intelligence (+3).
   It greatly protects you from fire.
   It lets you blink.
   It may slow you when you take damage.
Jewellery
 l - an uncursed amulet of regeneration
 v - a ring of positive energy (right hand)
 A - a +6 ring of intelligence (left hand)
 I - a +4 amulet of reflection (around neck)
Wands
 s - a wand of polymorph (5)
 E - a wand of digging (20)
 J - a wand of iceblast (4)
Scrolls
 e - a scroll of enchant armour
 h - a scroll of immolation {unknown}
 n - a scroll of magic mapping {unknown}
 q - 3 scrolls of blinking
 t - 3 scrolls of teleportation
 w - 3 scrolls of enchant weapon
 z - a scroll of identify
 M - 2 scrolls of amnesia {unknown}
 O - 3 scrolls of remove curse
Potions
 d - 2 potions of haste
 f - a potion of lignification
 i - 4 potions of might
 j - a potion of degeneration
 u - 7 potions of curing
 B - a potion of cancellation
 F - a potion of mutation
Comestibles
 c - 16 rations
 m - 4 chunks of flesh


   Skills:
 + Level 5.0 Fighting
 + Level 5.0 Short Blades
 + Level 5.0 Long Blades
 + Level 5.0 Axes
 + Level 5.0 Maces & Flails
 + Level 5.0 Polearms
 + Level 5.0 Staves
 + Level 5.0 Slings
 + Level 5.0 Bows
 + Level 5.0 Crossbows
 + Level 5.0 Throwing
 + Level 5.0 Armour
 + Level 6.8 Dodging
 + Level 6.6 Stealth
 + Level 5.0 Shields
 + Level 5.0 Unarmed Combat
 + Level 7.1 Spellcasting
 + Level 8.3 Conjurations
 + Level 4.1 Hexes
 + Level 4.1 Charms
 + Level 4.1 Summonings
 + Level 4.1 Necromancy
 + Level 4.1 Translocations
 + Level 4.1 Transmutations
 + Level 4.1 Fire Magic
 + Level 4.1 Ice Magic
 + Level 4.1 Air Magic
 + Level 4.1 Earth Magic
 + Level 4.1 Poison Magic
 + Level 5.5 Invocations
 + Level 5.0 Evocations


You had 15 spell levels left.
You knew the following spells:

 Your Spells              Type           Power        Failure   Level  Hunger
a - Magic Dart            Conj           ####         1%          1    None
b - Iskenderun's Mystic   Conj           ######..     6%          4    ##.....
c - Dazzling Spray        Conj/Hex       #####.       4%          3    None

Your spell library contained the following spells:

 Spells                   Type           Power        Failure   Level  Hunger
 Searing Ray              Conj           ######       1%          2    None
 Force Lance              Conj/Tloc      #####...     14%         4    ##.....
 Fulminant Prism          Conj/Hex       #####.....   14%         4    ##.....


Dungeon Overview and Level Annotations

Branches:
Dungeon (8/15)             Temple (1/1) D:4
   Lair: D:8-11

Altars:
Ashenzari
Cheibriados
Dithmenos
Elyvilon
Fedhas
Hepliaklqana
Kikubaaqudgha
Nemelex Xobeh
Qazlal
Ru
Sif Muna
Trog
Uskayaw
Xom
Yredelemnul
Zin
The Shining One


Innate Abilities, Weirdness & Mutations

Your experience applies equally to all skills.
You have very sharp teeth.
Your uncanny sense of smell can sniff out nearby items.


Message History

You feel sick. You block the hornet's attack. The hornet misses you. x2
Your shield prevents you from hitting the hornet.
Your bite misses the hornet.
The hornet is severely wounded.
You feel sick. You block the hornet's attack.
You hit the hornet.
The hornet is severely wounded.
You feel sick. The hornet closely misses you. The hornet barely misses you.
You hit the hornet.
The hornet is almost dead.
You feel sick. You block the hornet's attack. The hornet stings you!
* * * LOW HITPOINT WARNING * * *
You are lethally poisoned!
You feel yourself slow down.
Your shield prevents you from hitting the hornet.
The hornet is almost dead.
* * * LOW HITPOINT WARNING * * *
You feel very sick.
You block the hornet's attack. x2; The hornet stings you!
You die...

### #
#.# .#
##.##.#
∆ #..@y#
∆
#..##.#
##..## #
#..#.#
##.##.#
#..#..#
##.##.##
#..##..
#.###.#
.


You could see a hornet.

Vanquished Creatures
  A hornet (D:8)
  Grinder (D:5)
  3 hippogriffs (D:8)
  Menkaure (D:5)
  A soldier ant (D:8)
  4 ice beasts
  2 orc warriors
  An ogre (D:8)
  2 centaurs
  Blork the orc (D:5)
  4 bullfrogs
  3 gnoll sergeants
  2 scorpions
  A wight (D:7)
  3 howler monkeys
  2 crimson imps (D:6)
  2 centaur zombies
  4 hounds
  2 centaur skeletons
  An orc priest (D:2)
  A jelly (D:7)
  2 orc wizards
  3 iguanas
  7 worker ants
  2 hound skeletons
  A worker ant zombie (D:6)
  8 adders
  5 gnolls
  A shadow imp (D:5)
  9 oozes
  2 adder zombies (D:6)
  4 adder skeletons
  4 worms
  4 dart slugs
  3 leopard geckos
  25 orcs
  8 bats
  12 giant cockroaches
  12 goblins
  11 hobgoblins
  9 jackals
  5 quokkas
  A ball python (D:6)
  4 frilled lizards
  5 kobolds
  A leopard gecko skeleton (D:4)
  9 rats
199 creatures vanquished.

Vanquished Creatures (others)
  2 orcs (D:8)
2 creatures vanquished.

Grand Total: 201 creatures vanquished

Notes
Turn   | Place    | Note
-------+----------+-------------------------------------------
     0 | D:1      | JedernureinKreuz the Gnoll Conjurer began the quest for the
                  | Orb.
     0 | D:1      | Reached XP level 1. HP: 13/13 MP: 6/6
     1 | D:1      | Found a runed door.
   115 | D:1      | Reached XP level 2. HP: 19/19 MP: 4/7
   314 | D:1      | Reached XP level 3. HP: 23/25 MP: 6/9
   322 | D:1      | Reached skill level 5 in Spellcasting
   708 | D:2      | Reached skill level 1 in Invocations
   929 | D:2      | Reached skill level 1 in Fighting
   929 | D:2      | Reached skill level 1 in Short Blades
   929 | D:2      | Reached skill level 1 in Long Blades
   929 | D:2      | Reached skill level 1 in Axes
   929 | D:2      | Reached skill level 1 in Maces & Flails
   929 | D:2      | Reached skill level 1 in Polearms
   929 | D:2      | Reached skill level 1 in Staves
   929 | D:2      | Reached skill level 1 in Slings
   929 | D:2      | Reached skill level 1 in Bows
   929 | D:2      | Reached skill level 1 in Crossbows
   929 | D:2      | Reached skill level 1 in Throwing
   929 | D:2      | Reached skill level 1 in Armour
   929 | D:2      | Reached skill level 1 in Shields
   929 | D:2      | Reached skill level 1 in Unarmed Combat
   929 | D:2      | Reached skill level 1 in Evocations
   930 | D:2      | Reached XP level 4. HP: 32/32 MP: 6/11
  1020 | D:2      | Learned a level 4 spell: Iskenderun's Mystic Blast
  1024 | D:2      | Learned a level 3 spell: Dazzling Spray
  1061 | D:2      | Found a hazy altar of Hepliaklqana.
  1494 | D:2      | Found a shadowy altar of Dithmenos.
  1692 | D:2      | Reached skill level 1 in Hexes
  1692 | D:2      | Reached skill level 1 in Charms
  1692 | D:2      | Reached skill level 1 in Summonings
  1692 | D:2      | Reached skill level 1 in Necromancy
  1692 | D:2      | Reached skill level 1 in Translocations
  1692 | D:2      | Reached skill level 1 in Transmutations
  1692 | D:2      | Reached skill level 1 in Fire Magic
  1692 | D:2      | Reached skill level 1 in Ice Magic
  1692 | D:2      | Reached skill level 1 in Air Magic
  1692 | D:2      | Reached skill level 1 in Earth Magic
  1692 | D:2      | Reached skill level 1 in Poison Magic
  1730 | D:2      | Reached XP level 5. HP: 14/37 MP: 5/12
  1939 | D:3      | Reached XP level 6. HP: 34/44 MP: 1/13
  1948 | D:3      | Found a basalt altar of Yredelemnul.
  2316 | D:3      | Found a sacrificial altar of Ru.
  2766 | D:4      | Reached skill level 5 in Dodging
  2855 | D:4      | Found a staircase to the Ecumenical Temple.
  2915 | Temple   | Entered the Ecumenical Temple
  2922 | Temple   | Became a worshipper of Sif Muna the Loreminder
  3563 | D:4      | Found a stormy altar of Qazlal.
  3721 | D:5      | Entered Level 5 of the Dungeon
  3772 | D:5      | Reached XP level 7. HP: 43/50 MP: 11/15
  3799 | D:5      | Noticed Blork the orc
  4005 | D:5      | Killed Blork the orc
  4031 | D:5      | Noticed Grinder
  4031 | D:5      | Paralysed by Grinder for 6 turns
  4052 | D:5      | Paralysed by Grinder for 7 turns
  4068 | D:5      | Paralysed by Grinder for 3 turns
  4075 | D:5      | Killed Grinder
  4075 | D:5      | Reached skill level 5 in Stealth
  4075 | D:5      | Reached XP level 8. HP: 41/57 MP: 1/16
  4377 | D:5      | Noticed Menkaure
  4387 | D:5      | Killed Menkaure
  4818 | D:5      | Reached * piety under Sif Muna
  5401 | D:6      | Reached XP level 9. HP: 53/65 MP: 9/18
  5575 | D:6      | Found a blossoming altar of Fedhas.
  5577 | D:6      | Found an ancient bone altar of Kikubaaqudgha.
  5735 | D:6      | Found a hide-covered altar of Uskayaw.
  5736 | D:6      | Found a shimmering altar of Xom.
  5818 | D:6      | Got a thick robe
  5829 | D:6      | Identified the +3 robe "Kapn" {*Slow +Blink rF++ Int+3}
                  | (You found it on level 6 of the Dungeon)
  6430 | D:7      | Found a bloodstained altar of Trog.
  6633 | D:7      | Got an ichor-stained mace
  6634 | D:7      | Identified the +5 mace "Huczen" {crush, rF+} (You found it
                  | on level 7 of the Dungeon)
  6708 | D:7      | Found a white marble altar of Elyvilon.
  7060 | D:7      | Reached skill level 8 in Conjurations
  7398 | D:7      | Reached ** piety under Sif Muna
  7607 | D:8      | Found a snail-covered altar of Cheibriados.
  7691 | D:8      | Found a glowing golden altar of the Shining One.
  7705 | D:8      | Reached skill level 5 in Invocations
  7764 | D:8      | Reached XP level 10. HP: 41/73 MP: 3/20
  8228 | D:8      | Paralysed by a hornet for 2 turns
  8233 | D:8      | Paralysed by a hornet for 1 turns
  8234 | D:8      | Reached skill level 5 in Fighting
  8234 | D:8      | Reached skill level 5 in Short Blades
  8234 | D:8      | Reached skill level 5 in Long Blades
  8234 | D:8      | Reached skill level 5 in Axes
  8234 | D:8      | Reached skill level 5 in Maces & Flails
  8234 | D:8      | Reached skill level 5 in Polearms
  8234 | D:8      | Reached skill level 5 in Staves
  8234 | D:8      | Reached skill level 5 in Slings
  8234 | D:8      | Reached skill level 5 in Bows
  8234 | D:8      | Reached skill level 5 in Crossbows
  8234 | D:8      | Reached skill level 5 in Throwing
  8234 | D:8      | Reached skill level 5 in Armour
  8234 | D:8      | Reached skill level 5 in Shields
  8234 | D:8      | Reached skill level 5 in Unarmed Combat
  8234 | D:8      | Reached skill level 5 in Evocations
  8246 | D:8      | Slain by a hornet

Skill      XL: |  1  2  3  4  5  6  7  8  9 10 |
---------------+-------------------------------+-----
Spellcasting   | 5 6 7 |  7.1
Invocations    | 1 2 3 4 5 |  5.5
Fighting       | 1 2 3 4 5 |  5.0
Short Blades   | 1 2 3 4 5 |  5.0
Long Blades    | 1 2 3 4 5 |  5.0
Axes           | 1 2 3 4 5 |  5.0
Maces & Flails | 1 2 3 4 5 |  5.0
Polearms       | 1 2 3 4 5 |  5.0
Staves         | 1 2 3 4 5 |  5.0
Slings         | 1 2 3 4 5 |  5.0
Bows           | 1 2 3 4 5 |  5.0
Crossbows      | 1 2 3 4 5 |  5.0
Throwing       | 1 2 3 4 5 |  5.0
Armour         | 1 2 3 4 5 |  5.0
Shields        | 1 2 3 4 5 |  5.0
Unarmed Combat | 1 2 3 4 5 |  5.0
Evocations     | 1 2 3 4 5 |  5.0
Hexes          | 1 2 3 4 |  4.1
Charms         | 1 2 3 4 |  4.1
Summonings     | 1 2 3 4 |  4.1
Necromancy     | 1 2 3 4 |  4.1
Translocations | 1 2 3 4 |  4.1
Transmutations | 1 2 3 4 |  4.1
Fire Magic     | 1 2 3 4 |  4.1
Ice Magic      | 1 2 3 4 |  4.1
Air Magic      | 1 2 3 4 |  4.1
Earth Magic    | 1 2 3 4 |  4.1
Poison Magic   | 1 2 3 4 |  4.1
Dodging        | 5 6 |  6.8
Stealth        | 5 6 |  6.6
Conjurations   | 8 |  8.3

Action                   |  1- 3 |  4- 6 |  7- 9 | 10-12 || total
-------------------------+-------+-------+-------+-------++-------
Melee: Unarmed           |    12 |       |       |       ||    12
       Short sword       |     9 |   169 |    29 |       ||   207
       Bite              |     1 |    14 |    36 |     6 ||    57
       Dagger            |     1 |       |       |       ||     1
       Punch             |       |     1 |     1 |       ||     2
       Hand axe          |       |       |   124 |       ||   124
       Mace              |       |       |    49 |    71 ||   120
       Flail             |       |       |    37 |       ||    37
Throw: Tomahawk          |       |       |     5 |       ||     5
 Cast: Magic Dart        |    53 |   139 |   157 |     4 ||   353
       Iskenderun's Myst |       |     6 |     7 |     5 ||    18
       Dazzling Spray    |       |       |    14 |     2 ||    16
  Use: Scroll            |       |     6 |    10 |       ||    16
       Potion            |       |       |       |     2 ||     2
 Stab: Sleeping          |     1 |     5 |     3 |       ||     9
       Invisible         |       |       |     1 |       ||     1
       Distracted        |       |       |       |     1 ||     1
  Eat: Chunk             |       |    10 |    13 |     2 ||    25
Armor: Leather armour    |     3 |    66 |    25 |       ||    94
       Robe              |     2 |       |    33 |     7 ||    42
Dodge: Dodged            |    20 |   142 |   166 |    27 ||   355
Block: Other             |       |       |    17 |       ||    17
       Reflection        |       |       |     2 |     1 ||     3
       Large shield      |       |       |    84 |       ||    84
       Shield            |       |       |    47 |    64 ||   111
